Map: Connexion EC

Players

Davbond

  • Race: Zerg Zerg
  • League: Master

IIIIIIIIIIII - Winner!

  • Race: Zerg Zerg
  • League: Master

VOD

Have the link to the VOD?

Description

Time

  • Played on: Nov. 13, 2021, 12:28 p.m.
  • Length: 3:17
Show
View Real Time Build Order
Export as new Build Order

Davbond Zerg 

Build Orders: 1 Base Baneling Bust, Pool First 

Get SALT Encoding   

  12  0:00  Drone  
  13  0:10  Extractor  
  12  0:24  Spawning Pool  
  11  0:28  Drone  
  11  0:33  Drone  
  13  0:39  Drone  
  14  0:53  Overlord  
  14  1:13  Zergling x6  
  14  1:15  Metabolic Boost  
  17  1:24  Zergling x2  
  18  1:33  Baneling Nest  
  18  1:35  Zergling x2  
  18  1:45  Zergling x2  
  19  1:57  Zergling x2  
  20  2:08  Zergling x2  
  21  2:13  Hatchery  
  20  2:22  Baneling  
  20  2:23  Baneling  
  20  2:25  Zergling x2  
  19  2:49  Zergling x4  
  19  2:50  Baneling  
  19  2:53  Drone  
Show
View Real Time Build Order
Export as new Build Order

IIIIIIIIIIII Zerg - Winner!

Build Orders: Hatch First 

Get SALT Encoding   

  12  0:01  Drone  
  13  0:12  Overlord  
  13  0:17  Drone  
  14  0:31  Drone x2  
  16  0:51  Hatchery  
  16  0:53  Drone  
  16  0:55  Drone  
  17  1:09  Spawning Pool  
  17  1:11  Extractor  
  15  1:16  Drone  
  16  1:18  Drone  
  16  1:20  Drone  
  18  1:28  Drone  
  19  1:41  Drone  
  20  1:57  Zergling x2  
  20  2:00  Zergling x2  
  22  2:02  Queen  
  22  2:03  Queen, Zergling x2  
  27  2:11  Zergling x2  
  28  2:20  Spine Crawler  
  28  2:22  Zergling x2  
  28  2:23  Overlord  
  28  2:31  Baneling Nest  
  27  2:39  Zergling x2  
  28  2:49  Zergling x4  
Tags
 
Add a new tag
Caveats
  • Supply blocks, unpowered buildings, or Contaminate may cause inaccurate times.
  • Supply counts are checked every 10 seconds.